 Dungeon Crawl Stone Soup version 0.19.0-18-g426998a (webtiles) character file.

53 Monsterracer the Chopper (level 3, 0/31 HPs)
             Began as a Minotaur Monk on Nov 11, 2016.
             Slain by a gnoll
             ... wielding a +0 halberd
              (6 damage)
             ... on level 2 of the Dungeon.
             The game lasted 00:02:30 (987 turns).

Monsterracer the Chopper (Minotaur Monk)             Turns: 987, Time: 00:02:31

Health: 0/31       AC:  5    Str: 13 (15) XL:     3   Next: 62%
Magic:  2/2        EV: 18    Int:  7      God:
Gold:   123        SH:  3    Dex: 16 (18) Spells: 0 memorised, 2 levels left

rFire  . . .     SeeInvis .     a - +0 hand axe
rCold  . . .     Gourm    .     i - +0 leather armour
rNeg   . . .     Faith    .     (no shield)
rPois  .         Spirit   .     (helmet restricted)
rElec  .         Reflect  +     n - +0 cloak
rCorr  .         Harm     .     (no gloves)
MR     .....     Rnd*Tele +     o - +0 pair of boots
Stlth  +++.......               p - +3 amulet of reflection
                                (no ring)
                                b - ring of flight

@: agile, lethally poisoned (0 -> -25)
A: retaliatory headbutt, horns 2, teleportitis 1
a: Evoke Flight


You were on level 2 of the Dungeon.
You were not hungry.

You visited 1 branch of the dungeon, and saw 2 of its levels.

You collected 123 gold pieces.

Inventory:

Hand Weapons
 a - a +0 hand axe (weapon)
Armour
 i - a +0 leather armour (worn)
 n - a +0 cloak (worn)
 o - a +0 pair of boots (worn)
Jewellery
 b - a ring of flight (left hand)
 p - a +3 amulet of reflection (around neck)
Scrolls
 d - a scroll of teleportation {unknown}
 e - 2 scrolls of immolation {unknown}
 j - a scroll of fear {unknown}
 k - 2 scrolls of remove curse {unknown}
 l - a scroll of blinking {unknown}
 m - a scroll of identify {unknown}
Comestibles
 c - 2 bread rations
 f - a meat ration
 g - 3 royal jellies
 h - 5 fruits


   Skills:
 - Level 3.6 Fighting
 + Level 5.6 Axes
 - Level 3.2 Dodging
 - Level 1.5 Stealth


You had 2 spell levels left.
You didn't know any spells.

Dungeon Overview and Level Annotations

Branches:
Dungeon (2/15)

Altars:


Innate Abilities, Weirdness & Mutations

You reflexively headbutt those who attack you in melee.
You have a pair of horns on your head.
You are occasionally teleported next to monsters.


Message History

You closely miss the gnoll.
The gnoll is moderately wounded.
The gnoll hits you. The gnoll hits you but does no damage.
You are poisoned.
You hit the gnoll but do no damage. You headbutt the gnoll!
You kill the gnoll!
You feel your strength returning.
You feel sick.
The gnoll hits you from afar with a spear of venom!
You are more poisoned.
* * * LOW HITPOINT WARNING * * *
You feel very sick. The gnoll barely misses you.
The gnoll completely misses you.
Things that are here:
a gnoll corpse x2
You feel agile all of a sudden.
* * * LOW HITPOINT WARNING * * *
You feel sick.
The gnoll hits you from afar with a halberd.
You die...

#....# #.#.
#.#### #...
#.# ###.. #.#
#...> #.#
#.... #.#
#.... #(# #
#.... #.# .#
##### #@# .#
######g##.####
#....Sg.......
#........#####
#........#
#........#
#..?........
#.............
#########....#


You could see 2 gnolls and an adder.

Vanquished Creatures
  2 gnolls (D:2)
  A dart slug (D:1)
  A leopard gecko (D:1)
  5 bats
  A giant cockroach (D:2)
  5 goblins
  5 hobgoblins
  A quokka (D:2)
  A kobold (D:1)
  7 rats
29 creatures vanquished.

Notes
Turn   | Place    | Note
-------+----------+-------------------------------------------
     0 | D:1      | Monsterracer the Minotaur Monk began the quest for the Orb.
     0 | D:1      | Reached XP level 1. HP: 19/19 MP: 0/0
    90 | D:1      | Reached skill level 4 in Axes
   115 | D:1      | Gained mutation: You are weak. (Str -2) [potion of mutation]
   115 | D:1      | Gained mutation: You are occasionally teleported next to monsters. [potion of mutation]
   115 | D:1      | Lost mutation: You are weak. (Str -2) [potion of mutation]
   123 | D:1      | Reached XP level 2. HP: 26/26 MP: 1/1
   419 | D:1      | Reached skill level 5 in Axes
   638 | D:2      | Reached XP level 3. HP: 31/31 MP: 2/2
   987 | D:2      | Slain by a gnoll

Skill      XL: |  1  2 |
---------------+-------+-----
Axes           | 4 5 |  5.6
Fighting       | |  3.6
Dodging        | |  3.2
Stealth        | |  1.5

Action                   || total
-------------------------++-------
Melee: Hand axe          ||    64
       Headbutt          ||     8
  Use: Potion            ||     7
 Stab: Sleeping          ||     5
Armor: Robe              ||     7
       Leather armour    ||     8
Dodge: Dodged            ||    42
